AoeStats
← Gibradeus

MegaRandom

506863626Analyzed
1v1 RM · 16d ago on Sep 15, 2026· 27m 41s· 2 players
Game mode
Random Map
Map size
Tiny (2 player)
Population
200
Speed
Normal
Resources
Standard
Victory
Conquest
Starting age
Dark Age
Ending age
Imperial Age
RankedLock teamsTeams togetherTeam positionsShared explorationLock speedFull tech treeHidden civsTurbo modeCheats
Victory
Defeat
🇷🇺 Celts · Russia
1010
+16
🇲🇽 Spanish · Mexico
1014
-38
BOBBYREAL33
5:13 Loom
10:38 Feudal Age
11:18 Double-Bit Axe
18:29 Castle Age
16:03 Man-at-Arms
18:36 Long Swordsman
21:08 Arson
Gibradeus
1:14 Loom
10:49 Feudal Age
14:45 Horse Collar
17:31 Castle Age
16:18 Double-Bit Axe
17:36 Wheelbarrow
19:44 Heavy Plow
21:58 Padded Archer Armor
26:14 Man-at-Arms
Connection lost

Rejoining the realm…

Still unreachable

The connection could not be restored.

Session expired

The server has moved on; the page needs a fresh start.